 Dungeon Crawl Stone Soup version 0.27.0-1-g7a089689b8 (webtiles) character file.

Game seed: 12985691252633059140

177474 bearlyready the Nimble (level 18, -8/148 HPs)
             Began as a Djinni Conjurer on Aug 13, 2021.
             Was a High Priest of Ashenzari.
             Shot with an arrow by Vashnia (29 damage)
             ... on level 4 of the Snake Pit on Aug 14, 2021.
             The game lasted 02:54:02 (35530 turns).

bearlyready the Nimble (Djinni Conjurer)           Turns: 35530, Time: 02:54:03

Health: -8/148     AC: 13    Str:  6    XL:     18   Next: 83%
Gold:   2113       EV: 22    Int: 29    God:    Ashenzari [*****.] SH: 15 Dex: 11

rFire    + + .     SeeInvis +   t - +2 dagger of the Ruined Stars {venom, Self, Range} (curse)
rCold    x . .     Faith    .   g - +2 kite shield "Share My Affliction" {Evo, Cun} (curse)
rNeg     . . .     Spirit   .   a - +0 robe of the Wild Blue Yonder {Range, Fort} (curse)
rPois    ∞         Reflect  .   (no helmet)
rElec    .         Harm     .   x - +2 cloak
rCorr    .         Rampage  .   f - +1 pair of gloves of Ashenzari's Scepticism {Fort, Self} (curse)
Will     +....     Clarity  +   (boots unavailable)
Stlth    +++++.....             D - amulet of Ashenzari's Servitude {Regen+, Melee, Self} (curse)
HPRegen  1.34/turn              O - ring "Chained Bad Feelings" {AC+4, Evo, Self} (curse)
MPRegen  0.00/turn              l - ring "I Knew You'd Do That" {EV+4, Fort, Evo} (curse)

@: flying, very slightly contaminated, hasted, invisible, very quick
A: sickness immunity, fire resistance 2, cold vulnerability 1, float, innate
caster, hp casting, extra vitality 1
a: Renounce Religion, Shatter the Chains


You were on level 4 of the Snake Pit.
You worshipped Ashenzari.
Ashenzari was extremely pleased with you.
You visited 5 branches of the dungeon, and saw 27 of its levels.
You visited 1 bazaar.
You also visited: Ice Cave.

You collected 3863 gold pieces.
You spent 1750 gold pieces at shops.

Inventory:

Hand Weapons
 t - the cursed +2 dagger of the Ruined Stars (weapon) {venom, Self, Range}
   (You found it on level 4 of the Dungeon)

   It poisons the flesh of those it strikes.
   It has a curse which improves the following skills: Introspection: Fighting
   and Spellcasting.
   Ranged Combat: Slings, Bows, Crossbows and Throwing.
 W - a +2 rapier of freezing
Missiles
 i - 10 throwing nets
 s - 11 javelins
 w - 22 curare-tipped darts
 A - 7 atropa-tipped darts
 J - 46 boomerangs (quivered)
 N - 69 poisoned darts
Armour
 a - the cursed +0 robe of the Wild Blue Yonder (worn) {Range, Fort}

   It has a curse which improves the following skills: Ranged Combat: Slings,
   Bows, Crossbows and Throwing.
   Fortitude: Armour and Shields.
 f - the cursed +1 pair of gloves of Ashenzari's Scepticism (worn) {Fort, Self}
   (You found it on level 1 of the Dungeon)

   It has a curse which improves the following skills: Fortitude: Armour and
   Shields.
   Introspection: Fighting and Spellcasting.
 g - the cursed +2 kite shield "Share My Affliction" (worn) {Evo, Cun}
   (You took it off a tengu warrior on level 13 of the Dungeon)

   It has a curse which improves the following skills: Evocations: Evocations.
   Cunning:   Dodging and Stealth.
 x - a +2 cloak (worn)
 C - a +0 pair of gloves of archery
 V - a +0 troll leather armour
Jewellery
 l - the cursed ring "I Knew You'd Do That" (right hand) {EV+4, Fort, Evo}
   (You found it on level 2 of the Dungeon)

   [ring of evasion]

   EV:        It affects your evasion (+4).
   It has a curse which improves the following skills: Fortitude: Armour and
   Shields.
   Evocations: Evocations.
 q - the ring of Jegussog {rPois rC+ MP+9}
   (You found it in an ice cave)

   [ring of magical power]

   rC:        It protects you from cold.
   rPois:     It protects you from poison.
   MP:        It affects your magic capacity (+9).
 v - a ring of willpower
 D - the cursed amulet of Ashenzari's Servitude (around neck) {Regen+, Melee, Self}
   (You took it off an orc warrior on level 6 of the Dungeon)

   [amulet of regeneration]

   Regen:     It increases your rate of health regeneration.
   It has a curse which improves the following skills: Melee Combat: Short
   Blades, Long Blades, Axes, Maces & Flails, Polearms, Staves and Unarmed
   Combat.
   Introspection: Fighting and Spellcasting.
 O - the cursed ring "Chained Bad Feelings" (left hand) {AC+4, Evo, Self}
   (You found it on level 8 of the Dungeon)

   [ring of protection]

   AC:        It affects your AC (+4).
   It has a curse which improves the following skills: Evocations: Evocations.
   Introspection: Fighting and Spellcasting.
 Q - a ring of positive energy
 X - a +6 ring of strength
Wands
 z - a wand of iceblast (33)
 I - a wand of charming (7)
 R - a wand of flame (65)
 T - a wand of paralysis (8)
 Y - a wand of acid (23)
Scrolls
 c - 7 scrolls of enchant weapon
 j - 6 scrolls of fog
 n - 13 scrolls of teleportation
 r - 23 scrolls of identify
 u - 3 scrolls of immolation
 y - 2 scrolls of vulnerability
 B - a scroll of holy word
 E - 4 scrolls of summoning
 G - a scroll of silence
 M - 3 scrolls of enchant armour
 P - 3 scrolls of magic mapping
 S - 2 scrolls of brand weapon
 Z - a scroll of fear
Potions
 b - 2 potions of mutation
 d - 4 potions of brilliance
 e - 2 potions of cancellation
 k - 11 potions of curing
 m - 4 potions of resistance
 o - 3 potions of lignification
 p - 5 potions of attraction
 F - a potion of berserk rage
 U - 3 potions of haste
Miscellaneous
 K - a phantom mirror
 L - a box of beasts


   Skills:
 - Level 13.5(19.3) Fighting
 - Level 4.0(6.4) Short Blades
 + Level 6.4(10.4) Throwing
 - Level 6.0(11.1) Armour
 + Level 14.0(16.3) Dodging
 - Level 8.7(11.3) Stealth
 + Level 11.7(16.5) Shields
 + Level 11.9(17.8) Spellcasting
 + Level 12.8(17.5) Evocations


You had 5 spell levels left.
You knew the following spells:

 Your Spells              Type           Power      Damage    Failure   Level
a - Magic Dart            Conj           100%       1d8       0%          1
b - Searing Ray           Conj           100%       3d7       0%          2
c - Dazzling Flash        Conj/Hex       100%       N/A       0%          3
d - Fulminant Prism       Conj/Hex       46%        3d21      0%          4
e - Iskenderun's Mystic   Conj/Tloc      92%        2d18      0%          4
f - Sandblast             Erth           100%       2d20      0%          1
g - Slow                  Hex            92%        N/A       0%          2
h - Inner Flame           Hex/Fire       92%        N/A       0%          3
i - Ice Form              Ice/Tmut       92%        N/A       0%          4
j - Summon Mana Viper     Hex/Summ       92%        N/A       1%          5
k - Lee's Rapid Deconstr  Erth           46%        3d23*     1%          5
l - Invisibility          Hex            46%        N/A       1%          6
m - Spellforged Servitor  Conj/Summ      46%        N/A       1%          7
Your spell library was empty.

Dungeon Overview and Level Annotations

Branches:
Dungeon (14/15)            Temple (1/1) D:6            Lair (6/6) D:11
 Shoals (0/4) Lair:3        Snake (4/4) Lair:2        Slime (0/5) Lair:5
    Orc (2/2) D:12            Elf (0/3) Orc:2        Vaults (0/5) D:14
  IceCv (visited)

Altars:
Ashenzari
Cheibriados
Dithmenos
Elyvilon
Fedhas
Gozag
Hepliaklqana
Kikubaaqudgha
Makhleb
Nemelex Xobeh
Okawaru
Qazlal
Ru
Sif Muna
Trog
Uskayaw
Vehumet
Wu Jian
Xom
Yredelemnul
Zin
The Shining One
Beogh

Shops:
D:6 *[   D:7 ?   D:10 *   D:11 [   Orc:2 (::(   Snake:2 **   Snake:3 =

Portals:
Trove: D:12 (give +3 shadow dragon scales)

Annotations:
D:14 Urug
Lair:5 exclusion: 2 oklob plants
Snake:4 Spaninq's ghost, adept TrCK; Vashnia
Orc:2 exclusion: oklob plant


Innate Abilities, Weirdness & Mutations

You are immune to sickness and miasma.
You are immune to poison.
Your flesh is very heat resistant. (rF++)
You are vulnerable to cold. (rC-)
You float through the air rather than walking.
You learn spells naturally, not from books.
Your magical power is your life essence.
You have superior vitality. (+4 HP)


Message History

The splash of poison misses you.
Casting: Lee's Rapid Deconstruction (safe; 1% risk of failure)
Confirm with . or Enter, or press ? or * to list all spells.
Aiming: Lee's Rapid Deconstruction (safe; 1% risk of failure)
Press: ? - help, Dir - move target A rock wall.
The wall shatters!
The blast of rock fragments hits Vashnia!
Vashnia is moderately wounded.
Vashnia shoots an arrow.
The arrow closely misses you.
Casting: Lee's Rapid Deconstruction (safe; 1% risk of failure)
Confirm with . or Enter, or press ? or * to list all spells.
Aiming: Lee's Rapid Deconstruction (safe; 1% risk of failure)
Press: ? - help, Dir - move target A rock wall.
The wall shatters!
The blast of rock fragments hits Vashnia!!
Vashnia is moderately wounded.
* * * LOW HITPOINT WARNING * * *
Vashnia shoots an arrow.
The arrow hits you!
* * * LOW HITPOINT WARNING * * *
Casting: Lee's Rapid Deconstruction (safe; 1% risk of failure)
Confirm with . or Enter, or press ? or * to list all spells.
Aiming: Lee's Rapid Deconstruction (safe; 1% risk of failure)
Press: ? - help, Dir - move target A rock wall.
Okay, then.
Okay, then.
Aiming: Paralyse
Press: ? - help, Shift-Dir - straight line, f - Vashnia
Aim: Vashnia, wielding a +0 longbow, wearing a +1 barding of fire resistance and quivering arrows (moderately wounded, chance to affect: 8%)
Okay, then.
Okay, then.
Okay, then.
You fade into invisibility!
Vashnia shoots an arrow.
The arrow hits you!
* * * LOW HITPOINT WARNING * * *
You are very lightly contaminated with residual magic.
You feel yourself speed up.
Vashnia shoots an arrow.
The arrow hits you!!
You die...

........#########......###.......
........##.#####....[..##........
....._...#.####.......##........#
.......?.....##......#..#.......#
........##.#......#####.........#
..########.##.###..####.........#
..#######....†.........##.......#
....####.###......(....###.....##
#####...####....@.......###....).
######.#####.......<..#[#######.#
### #...###........##...S.#######
### ###.##..........#...§..S....#
########...#........##...........
########...#N.......#########....
########..........###..S....{...#
..........####..###...{.......###
..####......######....{##########


You could see Vashnia.

Vanquished Creatures
  3 nagarajas (Snake:4)
  A rockslime (IceCv)
  3 azure jellies (IceCv)
  Aizul (Snake:1)
  3 quicksilver oozes (IceCv)
  7 hydras
  12 naga warriors
  3 boulder beetles
  2 salamander tyrants (Snake:3)
  2 catoblepae
  14 anacondas
  2 centaur warriors (D:13)
  14 death yaks
  4 two-headed ogres
  A naga sharpshooter (Snake:4)
  A tengu warrior (D:13)
  5 shock serpents
  Sonja (Lair:3)
  Nergalle (Lair:2)
  2 orc high priests (Orc:2)
  A spectral salamander (Snake:4)
  A sea snake (Snake:2)
  2 salamander mystics (Snake:3)
  2 orange crystal statues (IceCv)
  A spectral anaconda (Snake:4)
  10 naga ritualists
  An orc knight (Orc:1)
  3 cyclopes (D:11)
  14 mana vipers
  5 ugly things
  13 orc sorcerers
  11 salamanders
  3 manticores
  13 guardian serpents
  9 naga magi
  46 black mambas
  3 merfolk sirens (Lair:3)
  13 elephants
  A gargoyle (D:12)
  14 cane toads
  2 kobold demonologists (D:11)
  An unseen horror (D:13)
  2 spectral nagas (Snake:4)
  A tengu conjurer (D:13)
  2 very ugly thing simulacra (IceCv)
  9 komodo dragons
  5 rime drakes
  8 trolls
  7 entropy weaver simulacra (IceCv)
  A merfolk (Lair:3)
  5 meliai
  A queen bee (Lair:2)
  9 polar bears
  Grinder (D:3)
  A spectral guardian serpent (Snake:4)
  8 hornets
  13 slime creatures
  A dream sheep (Lair:6)
  10 blink frogs
  3 spectral black mambas
  A shadow (D:12)
  4 wraiths
  14 spriggans (Lair:6)
  62 yaks
  4 wyverns
  7 basilisks
  Eustachio (D:5)
  A steam dragon (D:7)
  4 vampire mosquitoes (D:10)
  26 nagas
  Edmund (D:5)
  11 wargs
  2 acid dragons
  17 water moccasins
  4 demonic crawler simulacra (IceCv)
  26 orc warriors
  A sky beast (D:4)
  An ugly thing simulacrum (IceCv)
  3 ice beasts
  2 necrophages
  22 ogres
  3 black bears
  A black mamba simulacrum (Snake:4)
  3 boggarts (Lair:6)
  25 wolves
  10 centaurs
  6 kobold brigands
  A wyvern zombie (D:5)
  9 bullfrogs
  4 gnoll sergeants (D:12)
  4 scorpions
  A water moccasin zombie (D:7)
  35 killer bees
  An electric eel (Lair:3)
  A howler monkey (D:8)
  13 wights
  5 hounds
  6 centaur zombies
  31 orc priests
  3 bullfrog skeletons
  4 gnoll shamans
  4 iguanas
  43 orc wizards
  A killer bee zombie (D:8)
  A hound skeleton (D:4)
  A howler monkey zombie (D:6)
  27 gnolls
  A naga simulacrum (Snake:4)
  A river rat (Lair:2)
  9 adders
  A howler monkey skeleton (D:5)
  A shadow imp (D:5)
  An ufetubus (D:5)
  5 worms
  121 orcs
  4 ball pythons
  4 bats
  7 endoplasms
  2 giant cockroaches
  7 hobgoblins
  6 jackals
  14 kobolds
  3 quokkas
  5 frilled lizards
  5 goblins
  6 rats
  2 fulminant prisms
1000 creatures vanquished.

Vanquished Creatures (collateral kills)
  Jorgrun (Snake:1)
  An orc warlord (Orc:1)
  A quicksilver ooze (IceCv)
  Nessos (Lair:6)
  Josephine (Snake:1)
  A naga warrior (Snake:3)
  A hydra (Lair:6)
  2 mana vipers
  A guardian serpent (Snake:2)
  A black mamba (Snake:2)
  A hornet (Lair:6)
  2 slime creatures
  2 wraiths (Snake:1)
  2 yaks (D:10)
  A black bear (Lair:6)
  An orc wizard (Orc:1)
  An orc (Orc:1)
21 creatures vanquished.

Vanquished Creatures (others)
  A polar bear (Lair:6)
  An ogre (D:4)
  2 orcs
  A goblin (D:4)
  2 kobolds (D:4)
  A quokka (D:4)
  8 bushes
  227 fulminant prisms
  50 fungi
  83 plants
376 creatures vanquished.

Grand Total: 1397 creatures vanquished

Notes
Turn   | Place    | Note
-------+----------+-------------------------------------------
     0 | D:1      | bearlyready the Djinni Conjurer began the quest for the
                  | Orb.
     0 | D:1      | Reached XP level 1. HP: 15/15 MP: 0/0
   197 | D:1      | Reached XP level 2. HP: 13/21 MP: 0/0
   664 | D:1      | Reached XP level 3. HP: 22/25 MP: 0/0
   664 | D:1      | Learned a level 1 spell: Sandblast
  1192 | D:2      | Noticed an eye of devastation
  1197 | D:2      | Found a faded altar of an unknown god.
  1266 | D:2      | Noticed a shining eye
  1266 | D:2      | Noticed an eye of devastation
  1266 | D:2      | Noticed a floating eye
  1451 | D:2      | Reached XP level 4. HP: 23/31 MP: 0/0
  1848 | D:2      | Reached XP level 5. HP: 27/35 MP: 0/0
  1848 | D:2      | Learned a level 2 spell: Slow
  2578 | D:3      | Reached skill level 5 in Spellcasting
  2928 | D:3      | Noticed Grinder
  2936 | D:3      | Killed Grinder
  2937 | D:3      | Reached XP level 6. HP: 12/40 MP: 0/0
  2937 | D:3      | Reached XP level 7. HP: 14/45 MP: 0/0
  2937 | D:3      | Learned a level 3 spell: Inner Flame
  4336 | D:4      | Reached skill level 1 in Fighting
  4336 | D:4      | Reached skill level 1 in Shields
  4451 | D:4      | Noticed a yak
  4451 | D:4      | Noticed a yak
  4451 | D:4      | Noticed a yak
  4475 | D:4      | Killed a yak
  4495 | D:4      | Killed a yak
  4496 | D:4      | Reached XP level 8. HP: 23/55 MP: 0/0
  4844 | D:4      | Found a shimmering altar of Xom.
  5238 | D:4      | Killed a yak
  5612 | D:5      | Entered Level 5 of the Dungeon
  5623 | D:5      | Noticed Edmund
  5679 | D:5      | Killed Edmund
  5680 | D:5      | Reached XP level 9. HP: 19/62 MP: 0/0
  5680 | D:5      | Learned a level 4 spell: Ice Form
  5684 | D:5      | Noticed Eustachio
  6099 | D:5      | Killed Eustachio
  6231 | D:5      | Reached skill level 5 in Fighting
  6231 | D:5      | Reached skill level 5 in Shields
  7678 | D:6      | Noticed a two-headed ogre
  7683 | D:6      | Killed a two-headed ogre
  7684 | D:6      | Reached XP level 10. HP: 60/73 MP: 0/0
  7918 | D:6      | Found Viacarph's Antique Armour Shoppe.
  8151 | D:6      | Found a staircase to the Ecumenical Temple.
  8159 | Temple   | Entered the Ecumenical Temple
  8167 | Temple   | Became a worshipper of Ashenzari the Shackled
  8494 | D:6      | Reached skill level 1 in Evocations
  8690 | D:6      | Found Hakhluil's Assorted Antiques.
  8695 | D:6      | Bought 2 scrolls of teleportation for 150 gold pieces
  8907 | D:7      | Reached skill level 3 in Dodging
  8927 | D:7      | Identified the +1 flail "Hydrabane" {flame, Dex+3}
  9333 | D:7      | Reached skill level 4 in Dodging
  9528 | D:7      | Identified the +4 chain mail of Vaakaqio {-Cast Fly rElec
                  | rC+}
  9878 | D:7      | Found Ygax's Magic Scroll Emporium.
  9887 | D:7      | Bought a scroll of fog for 28 gold pieces
  9887 | D:7      | Bought a scroll of teleportation for 42 gold pieces
  9887 | D:7      | Bought a scroll of teleportation for 42 gold pieces
 10346 | D:8      | Reached skill level 1 in Throwing
 10536 | D:8      | Found a burning altar of Makhleb.
 10648 | D:8      | Reached * piety under Ashenzari
 10693 | D:8      | Found an iron altar of Okawaru.
 11358 | D:9      | Reached ** piety under Ashenzari
 11431 | D:9      | Reached XP level 11. HP: 62/86 MP: 0/0
 11431 | D:9      | Learned a level 5 spell: Summon Mana Viper
 11788 | D:9      | Noticed a two-headed ogre
 11795 | D:8      | Reached skill level 5 in Dodging
 12167 | D:9      | Killed a two-headed ogre
 12245 | D:9      | Identified the +6 hand axe of Annihilation {vorpal, Str+3
                  | Int+5}
 12558 | D:10     | Entered Level 10 of the Dungeon
 12779 | D:10     | Reached *** piety under Ashenzari
 12836 | D:10     | Found Hicec's General Store.
 12845 | D:10     | Bought a potion of curing for 36 gold pieces
 12848 | D:10     | Found a white marble altar of Elyvilon.
 12857 | D:10     | Reached skill level 1 in Short Blades
 13266 | D:10     | Noticed a boulder beetle
 13886 | D:10     | Reached skill level 1 in Armour
 14260 | D:10     | Reached skill level 6 in Dodging
 14557 | D:10     | Reached skill level 5 in Evocations
 15091 | D:10     | Killed a boulder beetle
 15245 | D:11     | Noticed a cyclops
 15254 | D:11     | Killed a cyclops
 15272 | D:11     | Reached XP level 12. HP: 44/95 MP: 0/0
 15297 | D:11     | Noticed a two-headed ogre
 15850 | D:11     | Identified the +0 cloak of Infinity {Stlth+}
 15862 | D:11     | Noticed an eight-headed hydra
 15910 | D:11     | Killed an eight-headed hydra
 15911 | D:11     | Reached skill level 7 in Dodging
 15946 | D:11     | Found Cuobelys's Antique Armour Emporium.
 15953 | D:11     | Found a staircase to the Lair.
 16977 | D:11     | Killed a two-headed ogre
 17572 | Lair:1   | Entered Level 1 of the Lair of Beasts
 17855 | Lair:1   | Noticed a six-headed hydra
 17879 | Lair:1   | Killed a six-headed hydra
 18049 | Lair:1   | Reached skill level 8 in Dodging
 18154 | Lair:1   | Reached skill level 10 in Fighting
 18165 | Lair:1   | Reached skill level 5 in Armour
 18165 | Lair:1   | Reached XP level 13. HP: 85/102 MP: 0/0
 18165 | Lair:1   | Learned a level 5 spell: Lee's Rapid Deconstruction
 19696 | Lair:2   | Reached **** piety under Ashenzari
 19698 | Lair:2   | Found a staircase to the Snake Pit.
 19793 | Lair:2   | Noticed a four-headed hydra
 19800 | Lair:2   | Killed a four-headed hydra
 19883 | Lair:2   | Reached skill level 9 in Dodging
 20246 | Lair:2   | Noticed Nergalle
 20356 | Lair:2   | Reached ***** piety under Ashenzari
 20371 | Lair:2   | Killed Nergalle
 20745 | Lair:3   | Noticed Sonja
 20756 | Lair:3   | Killed Sonja
 21006 | Lair:3   | Found a staircase to the Shoals.
 21052 | Lair:3   | Reached XP level 14. HP: 63/117 MP: 0/0
 21904 | Lair:4   | Reached skill level 10 in Dodging
 22071 | Lair:4   | Identified the +2 whip of Dishonesty {speed, SInv}
 22238 | Lair:4   | Reached skill level 5 in Stealth
 23096 | Lair:5   | Found a staircase to the Slime Pits.
 23481 | Lair:6   | Entered Level 6 of the Lair of Beasts
 23505 | Lair:6   | Noticed Nessos
 23674 | Lair:6   | Found a shimmering altar of Xom.
 23690 | Lair:6   | Reached XP level 15. HP: 123/124 MP: 0/0
 23690 | Lair:6   | Learned a level 6 spell: Invisibility
 23708 | Lair:6   | Reached skill level 10 in Spellcasting
 23865 | Lair:6   | Reached skill level 11 in Dodging
 23931 | Lair:6   | Killed Nessos
 24090 | Lair:6   | Reached skill level 10 in Evocations
 25358 | D:12     | Found a portal to a secret trove of treasure.
 25417 | D:12     | Found a staircase to the Orcish Mines.
 25418 | D:12     | Identified a scroll of acquirement
 25497 | D:12     | Acquired 1155 gold pieces
 26444 | D:13     | Reached XP level 16. HP: 132/132 MP: 0/0
 27415 | D:14     | Found a gate to the Vaults.
 27415 | D:14     | Noticed Urug
 27562 | Orc:1    | Entered Level 1 of the Orcish Mines
 28127 | Orc:2    | Entered Level 2 of the Orcish Mines
 28322 | Orc:2    | Found a staircase to the Elven Halls.
 28535 | Orc:2    | Reached skill level 12 in Dodging
 28657 | Orc:2    | Found Ogux's Antique Weapon Emporium.
 28713 | Orc:2    | Found Emyleuph's Book Shop.
 28959 | Orc:2    | Paralysed by an orc sorcerer for 6 turns
 29092 | Orc:2    | Found Kajudora's Book Emporium.
 29092 | Orc:2    | Found Wikkocw's Antique Weapon Shop.
 29781 | Snake:1  | Entered Level 1 of the Snake Pit
 29809 | Snake:1  | Noticed Aizul
 29821 | Snake:1  | Killed Aizul
 30035 | Snake:1  | Identified the +1 leather armour "Qaeled" {Will+ Str+3}
 30236 | Snake:1  | Noticed Josephine
 30247 | Snake:1  | Killed Josephine
 30278 | Snake:1  | Noticed Jorgrun
 30289 | Snake:1  | Killed Jorgrun
 30290 | Snake:1  | Reached XP level 17. HP: 66/139 MP: 0/0
 30290 | Snake:1  | Learned a level 7 spell: Spellforged Servitor
 30442 | Snake:1  | Found a frozen archway.
 30447 | IceCv    | Entered an ice cave
 30570 | IceCv    | Reached skill level 10 in Shields
 31005 | IceCv    | Found a viscous altar of Jiyva.
 31013 | IceCv    | Identified the ring of Jegussog {rPois rC+ MP+9}
 31736 | Snake:2  | Reached skill level 13 in Dodging
 32455 | Snake:2  | Reached skill level 5 in Throwing
 32500 | Snake:2  | Found Fudass's Assorted Antiques.
 32500 | Snake:2  | Found Voahu's General Store.
 32508 | Snake:2  | Bought 3 scrolls of teleportation for 351 gold pieces
 32508 | Snake:2  | Bought a scroll of magic mapping for 136 gold pieces
 32508 | Snake:2  | Bought a potion of curing for 117 gold pieces
 32508 | Snake:2  | Bought a scroll of teleportation for 117 gold pieces
 32514 | Snake:2  | Bought a scroll of blinking for 105 gold pieces
 32514 | Snake:2  | Bought 2 potions of curing for 84 gold pieces
 32992 | Snake:3  | Found Jiup's Jewellery Boutique.
 33032 | Snake:3  | Reached XP level 18. HP: 107/148 MP: 0/0
 33845 | Snake:4  | Entered Level 4 of the Snake Pit
 33997 | Snake:4  | Found an iron altar of Okawaru.
 34024 | Snake:4  | Found a flickering gateway to a bazaar.
 34034 | Bazaar   | Entered a bazaar
 34063 | Bazaar   | Found Fekko's General Store.
 34085 | Bazaar   | Found Zutih's Antique Weapon Shoppe.
 34097 | Bazaar   | Found Remaejo's Book Emporium.
 34116 | Bazaar   | Found Nuer's Assorted Antiques.
 34124 | Bazaar   | Bought a potion of haste for 310 gold pieces
 34124 | Bazaar   | Bought a scroll of enchant weapon for 232 gold pieces
 35004 | Snake:4  | Found a runed translucent gate.
 35004 | Snake:4  | Found a runed translucent gate.
 35004 | Snake:4  | Found a runed translucent gate.
 35144 | Snake:4  | Noticed Spaninq's ghost (adept TrCK)
 35380 | Snake:4  | Reached skill level 14 in Dodging
 35514 | Snake:4  | Noticed Vashnia
 35530 | Snake:4  | Shot with an arrow by Vashnia

Illustrated notes

Levels and vault maps discovered:
D:1:      minmay_arrival_open_corners, layout_loops_ring
D:2:      layout_basic, hellmonk_ecumenical_altar_watching_god,
          minmay_fractal_squares_5
D:3:      layout_basic, serial_bayou_pond_e, uniq_grinder
D:4:      layout_basic, xom_confusion_cloud, chequers_serial_rivers_micro_a
D:5:      minmay_inner_zag, layout_cave_pools, uniq_eustachio, uniq_edmund
D:6:      layout_basic, minmay_temple_entry_crystal_x, serial_shops,
          nicolae_shop_statue_plus, kennysheep_little_box
D:7:      layout_loops_cross, serial_shops, nicolae_lakefront_shop,
          serial_rivers, chequers_serial_rivers_room_b,
          chequers_serial_rivers_micro_d, chequers_serial_rivers_micro_b,
          chequers_serial_rivers_micro_c
D:8:      layout_gridville, makhleb_blood_cavern_becter,
          mainiacjoe_overflow_surrounded_room, kennysheep_nondescript,
          minmay_orc_keep
D:9:      layout_irregular_city, kennysheep_nub
D:10:     kennysheep_seaside_town, layout_loops_ring, old_standard_altar,
          serial_shops, shop
D:11:     layout_layer_cave, lair_entry_dummy, serial_shops, shop
D:12:     layout_basic, kennysheep_orc_monster_closet_entryway, enter_trove_0
D:13:     layout_grid_maze, st_stairs_9, kennysheep_generic_room_14
D:14:     layout_irregular_city, david_vaults_3, nicolae_water_bricks
Temple:   nicolae_temple_no_exploring_needed
Lair:1:   layout_loops_ring, serial_forest, infiniplex_forest_end_2,
          infiniplex_forest_lined_4_way, infiniplex_forest_end_1,
          infiniplex_forest_lined_ring, infiniplex_forest_end_2,
          infiniplex_forest_lined_2, infiniplex_forest_straight_4,
          infiniplex_forest_straight_3, infiniplex_forest_clump_diagonal
Lair:2:   regret_index_combs_of_tragedy, layout_regular_city,
          guppyfry_snake_entry_island, uniq_nergalle
Lair:3:   layout_cave_pods, elwin_shoals_entry_stream, serial_bayou_shore_a,
          uniq_sonja
Lair:4:   layout_regular_city, beast_lair_carwin_8, grunt_megastairs_4
Lair:5:   layout_cave_pods, minmay_slime_entry_oklob_open
Lair:6:   minmay_lair_end_enchanted_forest, layout_misc_corridors, basic_altar,
          uniq_nessos
Snake:1:  layout_misc_corridors, portal_ice_cave_entry_pillars_1, uniq_aizul,
          uniq_josephine, uniq_jorgrun
Snake:2:  nicolae_snake_unarmed_stairs_patrol, layout_grid_shapes,
          abandoned_shop, lemuel_fruit_tree, minmay_shoptagon
Snake:3:  layout_grid_maze, serial_shops, nicolae_square_shop
Snake:4:  grunt_snake_rune_serpentine_throne, layout_chambers,
          gammafunk_ghost_necromancy, serial_shops, bzr_entry_customers,
          basic_altar
Orc:1:    layout_diamond_mine, nooodl_orcs_dogs
Orc:2:    st_orc_town, layout_diamond_mine, mines3_lemuel

Skill      XL: |  1  2  3  4  5  6  7  8  9 10 11 12 13 14 15 16 17 18 |
---------------+-------------------------------------------------------+-----
Spellcasting   | 4 6 7 8 9 10 11 | 11.9
Fighting       | 2 4 6 8 9 10 11 12 13 | 13.5
Shields        | 2 4 5 6 7 8 9 10 11 | 11.7
Evocations     | 3 5 6 8 9 10 11 12 | 12.8
Dodging        | 4 6 8 9 10 11 12 13 14 | 14.0
Stealth        | 2 3 4 5 7 8 |  8.7
Throwing       | 1 2 3 4 5 6 |  6.4
Short Blades   | 2 4 |  4.0
Armour         | 2 5 6 |  6.0

Action                   |  1- 3 |  4- 6 |  7- 9 | 10-12 | 13-15 | 16-18 || total
-------------------------+-------+-------+-------+-------+-------+-------++-------
Melee: Unarmed           |     3 |     3 |    76 |     1 |       |       ||    83
       Dagger            |       |       |    25 |   157 |   998 |  1032 ||  2212
Throw: Dart              |       |       |       |    10 |    17 |    25 ||    52
       Boomerang         |       |       |       |       |       |     5 ||     5
 Cast: Magic Dart        |    55 |    10 |    35 |     2 |     2 |       ||   104
       Searing Ray       |     4 |    18 |    41 |    98 |    48 |     9 ||   218
       Fulminant Prism   |       |       |    26 |    27 |   110 |    66 ||   229
       Slow              |       |       |     1 |     3 |     1 |     1 ||     6
       Ice Form          |       |       |     3 |     1 |       |       ||     4
       Summon Mana Viper |       |       |       |     3 |     2 |    16 ||    21
       Inner Flame       |       |       |       |     2 |     1 |       ||     3
       Dazzling Flash    |       |       |       |     1 |     5 |       ||     6
       Lee's Rapid Decon |       |       |       |       |    38 |   260 ||   298
       Invisibility      |       |       |       |       |     3 |     2 ||     5
Invok: Curse Item        |       |       |       |     5 |     3 |     1 ||     9
       Shatter the Chain |       |       |       |       |       |     2 ||     2
Evoke: Wand              |       |       |       |    10 |    14 |    16 ||    40
  Use: Potion            |       |       |     2 |     1 |       |     3 ||     6
       Scroll            |       |       |       |     1 |     2 |     7 ||    10
 Stab: Sleeping          |       |       |     1 |     3 |     8 |     7 ||    19
       Distracted        |       |       |       |       |     4 |     3 ||     7
       Invisible         |       |       |       |       |     4 |       ||     4
       Paralysed         |       |       |       |       |       |     1 ||     1
Armor: Robe              |       |     8 |    35 |    89 |   198 |   151 ||   481
       Skin              |       |       |     7 |       |       |       ||     7
Dodge: Dodged            |     7 |    15 |    74 |   225 |   891 |   630 ||  1842
Block: Buckler           |       |       |    25 |    97 |   392 |    35 ||   549
       Kite shield       |       |       |       |       |       |   638 ||   638
